 Dungeon Crawl Stone Soup version 0.20.1-1-g8b1a95d (webtiles) character file.

33731 nago the Geomancer (level 13, -2/113 HPs)
             Began as a Ghoul Earth Elementalist on Nov 14, 2017.
             Slain by a frost giant
             ... wielding a +0 battleaxe of freezing
              (20 damage)
             ... in an ice cave on Nov 16, 2017.
             The game lasted 00:56:22 (27794 turns).

nago the Geomancer (Ghoul Earth Elementalist)      Turns: 27794, Time: 00:56:22

Health: -2/113     AC:  5    Str: 18    XL:     13   Next: 72%
Magic:  0/24       EV: 12    Int: 14    God:
Gold:   917        SH:  3    Dex:  9    Spells: 5/28 levels left

rFire    + . .     SeeInvis .   a - +4 battleaxe (vamp)
rCold    + . .     Gourm    .   (shield currently unavailable)
rNeg     + + +     Faith    .   q - +2 robe {MR+}
rPois    ∞         Spirit   +   (no helmet)
rElec    .         Reflect  +   h - scarf {Spirit}
rCorr    .         Harm     .   (no gloves)
MR       +....                  n - +0 pair of boots
Stlth    ++........             G - +3 amulet of reflection
Regen    0.0/turn               p - ring of protection from fire {rF+,}
MPRegen  0.2/turn               (no ring)

@: mighty, very slightly contaminated, rotting, hasted, very quick
A: rotting body, claws 1, carnivore 3, cold resistance 1, negative energy
resistance 3, inhibited regeneration, torment resistance, unbreathing
a: no special abilities


You were in an ice cave.
You were not hungry.

You visited 2 branches of the dungeon, and saw 14 of its levels.
You also visited: Ice Cave.

You collected 917 gold pieces.

Inventory:

Hand Weapons
 a - a +4 vampiric battleaxe (weapon)
   (You took it off a wight on level 7 of the Dungeon)
 b - a +2 short sword of venom
   (You took it off a kobold on level 2 of the Dungeon)
Missiles
 r - 81 stones (quivered)
Armour
 h - a scarf of spirit shield (worn)
   (You found it on level 9 of the Dungeon)
 n - a +0 pair of boots (worn)
   (You found it on level 9 of the Dungeon)
 q - a +2 robe of magic resistance (worn)
   (You took it off Jessica on level 2 of the Dungeon)
 u - a +1 ring mail of magic resistance
   (You took it off an orc on level 12 of the Dungeon)
Jewellery
 p - a ring of protection from fire (left claw) {rF+,}
   (You found it on level 4 of the Dungeon)
 G - a +3 amulet of reflection (around neck)
   (You found it on level 10 of the Dungeon)
Wands
 j - a wand of polymorph (11/24)
   (You found it on level 5 of the Dungeon)
 s - a wand of acid (7/15)
   (You found it on level 12 of the Dungeon)
 v - a wand of clouds (1/9)
   (You found it on level 5 of the Dungeon)
 z - a wand of polymorph (13/24)
   (You found it on level 12 of the Dungeon)
 D - a wand of digging (9/24)
   (You found it on level 11 of the Dungeon)
 E - a wand of iceblast (2/15)
   (You took it off an orc on level 10 of the Dungeon)
 I - a wand of lightning (5/15)
   (You found it in an ice cave)
 J - a wand of confusion (17/48)
   (You found it in an ice cave)
 K - a wand of iceblast (8/15)
   (You found it in an ice cave)
Scrolls
 c - a scroll of amnesia
 f - 2 scrolls of fog
 k - a scroll of vulnerability {unknown}
 t - a scroll of teleportation
 w - a scroll of acquirement {unknown}
 x - a scroll of recharging {unknown}
 F - a scroll of fear
 M - a scroll of magic mapping {!r}
 R - a scroll of remove curse
Potions
 e - 2 potions of lignification {unknown}
 g - 4 potions of ambrosia
 l - a potion of flight {unknown}
 A - a potion of heal wounds {unknown}
 B - 3 potions of agility {unknown}
 C - 7 potions of curing
 Q - 2 potions of cancellation
Books
 y - a book of the Earth
   (You found it on level 12 of the Dungeon)
Comestibles
 d - 8 meat rations {@e2}
 o - 8 royal jellies


   Skills:
 - Level 10.0 Fighting
 + Level 9.4 Axes
 - Level 1.7 Dodging
 - Level 2.1 Stealth
 + Level 8.2 Spellcasting
 - Level 5.0 Conjurations
 - Level 3.1 Charms
 - Level 4.0 Translocations
 - Level 5.0 Transmutations
 - Level 3.0 Fire Magic
 - Level 6.0 Ice Magic
 - Level 10.0 Earth Magic
 - Level 6.1 Evocations


You had 5 spell levels left.
You knew the following spells:

 Your Spells              Type           Power        Failure   Level  Hunger
a - Ozocubu's Armour      Chrm/Ice       ###.....     5%          3    ##.....
b - Blink                 Tloc           N/A          3%          2    None
c - Petrify               Tmut/Erth      ####....     5%          4    ####...
v - Conjure Flame         Conj/Fire      ###.....     7%          3    ##.....
x - Stone Arrow           Conj/Erth      ####..       1%          3    ##.....
z - Sandblast             Erth           ####..       1%          1    None
N - Passwall              Tmut/Erth      ####......   1%          2    None
X - Lee's Rapid Deconstr  Erth           ####......   5%          5    #####..


Dungeon Overview and Level Annotations

Branches:
Dungeon (13/15)            Temple (0/1) D:4            Lair (1/6) D:10
    Orc (0/2) D:9
 Vaults: D:13-14

Altars:
Ashenzari
Cheibriados
Dithmenos
Fedhas
Hepliaklqana
Kikubaaqudgha
Qazlal
Ru
Sif Muna
Vehumet
Xom
Yredelemnul
Zin

Shops:
D:7 :

Annotations:
D:9 dengdeng's ghost, novice MiFi


Innate Abilities, Weirdness & Mutations

Your body is rotting away.
You thrive on raw meat.
You are immune to poison.
You have sharp fingernails.
You are carnivorous and can eat meat at any time.
Your flesh is cold resistant. (rC+)
You are immune to negative energy. (rN+++)
You do not regenerate when monsters are visible.
You are immune to unholy pain and torment.
You can survive without breathing.


Message History

A frost giant comes into view. It is wielding a battleaxe of freezing.
A yak comes into view.
Warning x3: The yak (wandering) can hit for moderate damage in melee! x2
The frost giant (wandering) can hit for high damage in melee!
There are monsters nearby!
There are monsters nearby!
Warning x3: The yak (wandering) can hit for moderate damage in melee! x2
The frost giant (wandering) can hit for high damage in melee!
You start waiting.
All of the chunks of flesh in your inventory have rotted away.
Done waiting.
You may need something to eat soon, looking for food.
Search for what [Enter for "@corpse&&!!rott&&!!skel&&!!sky&&!!necrop&&!!ugly&&!!vampire&&!!corpse rot&&!!&&!!botono", or ? for help]? @corpse&&!!rott&&!!skel&&!!sky&&!!necrop&&!!ugly&&!!vampire&&!!corpse rot&&!!&&!!botono Can't find anything matching that.
Sorry, you're not good enough to have a special ability.
The yak bellows!
The frost giant shouts!
The yak bellows!
The yak gores you.
You take 4 damage, and have 109/113 hp.
You now have 23/24 mp.
Warning x3: The yak can hit for moderate damage in melee! x2
The frost giant can hit for high damage in melee!
Warning x2: The frost giant can hit for high damage in melee!
The yak can hit for moderate damage in melee!
MP restored: 24 You see here a polar bear corpse.
The frost giant casts a spell at you. The bolt of cold hits you! You resist.
You take 22 damage, and have 89/113 hp.
You now have 20/24 mp.
Warning x3: The yak can hit for moderate damage in melee! x2
The frost giant can hit for high damage in melee!
Things that are here:
a polar bear skeleton x2
Warning x2: The yak can hit for moderate damage in melee!
The frost giant can hit for high damage in melee!
Warning x2: The frost giant can hit for high damage in melee!
The yak can hit for moderate damage in melee!
MP restored: 24 You feel yourself speed up.
The yak gores you but does no damage.
Casting: Conjure Flame
Confirm with . or Enter, or press ? or * to list all spells.
Aiming: Conjure Flame
Press: ? - help, Dir - move target cursor The fire ignites!
You now have 21/24 mp.
Warning x2: The frost giant can hit for high damage in melee!
The yak can hit for moderate damage in melee!
You closely miss the yak.
The yak is engulfed in blazing flames.
The yak barely misses you.
You slice the yak!!
You feel better.
You kill the yak!
You regained 4 hp, and now have 94/113 hp.
Casting: Conjure Flame
Confirm with . or Enter, or press ? or * to list all spells.
Aiming: Conjure Flame
Press: ? - help, Dir - move target cursor You miscast Conjure Flame.
You are very lightly contaminated with residual magic.
You smell something strange.
You now have 19/24 mp.
Casting: Conjure Flame
Confirm with . or Enter, or press ? or * to list all spells.
Aiming: Conjure Flame
Press: ? - help, Dir - move target cursor The fire blazes with new energy!
You now have 16/24 mp.
Warning x2: The yak can hit for moderate damage in melee!
The frost giant can hit for high damage in melee!
You slash the frost giant!
The frost giant is lightly wounded.
The frost giant is engulfed in blazing flames.
The frost giant hits you with a battleaxe of freezing!!
The frost giant freezes you.
You take 24 damage, and have 71/113 hp.
MASSIVE DAMAGE!!
You now have 11/24 mp.
Spoiler Alert: The frost giant can hit for high damage in melee!
You feel very mighty all of a sudden.
Unknown command.
You slash the frost giant!
You feel better.
The frost giant is moderately wounded.
The frost giant is engulfed in blazing flames.
The frost giant casts a spell at you. The bolt of cold hits you! You resist.
You take 15 damage, and have 56/113 hp.
You now have 8/24 mp.
Spoiler Alert: The frost giant can hit for high damage in melee!
You barely miss the frost giant.
The frost giant is moderately wounded.
The frost giant is engulfed in blazing flames.
The frost giant casts a spell at you. The bolt of cold hits you! You resist.
You take 17 damage, and have 39/113 hp.
You now have 6/24 mp.
Spoiler Alert: The frost giant can hit for high damage in melee!
You are too injured to fight recklessly!
You slash the frost giant!
The frost giant is severely wounded.
You slash the frost giant!
The frost giant is almost dead.
The frost giant closely misses you.
Spoiler Alert: The frost giant can hit for high damage in melee!
You hit the frost giant.
You feel better.
The frost giant is almost dead.
The frost giant gestures at you while chanting.
The bolt of cold hits you! You resist.
* * * LOW HITPOINT WARNING * * *
You take 22 damage, and have 17/113 hp.
You now have 3/24 mp.
Spoiler Alert: The frost giant can hit for high damage in melee!
You hit the frost giant.
You feel better.
The frost giant is almost dead.
The frost giant hits you with a battleaxe of freezing!!
You die...

.⌠.# ##....## #..####.###
..## ###...## ##...##.#..
### #########..#
###..#.##. ###....##...##
#..###.## ###...#...C####
##..###.. #..C.#######
###..##.. ..#### ####
###...####. .##
###C.######..#### ## ##
###Y.#@..#....## # C##
#..#####...####
..##########..##.####.#.##
...##C..##.C.#..#..###.#.#
##.C.##C..########..###.##
########## #### ###


You could see a frost giant.

Vanquished Creatures
  2 hydras
  4 two-headed ogres
  A death yak (IceCv)
  A queen ant (D:10)
  A glowing orange brain (D:12)
  2 unseen horrors
  A mana viper (D:12)
  An ugly thing (D:12)
  2 centaur skeletons (D:10)
  An ice statue (IceCv)
  A gargoyle (D:10)
  A kobold demonologist (D:11)
  A komodo dragon (D:12)
  2 rime drakes (IceCv)
  5 trolls
  2 hornets (D:11)
  18 polar bears (IceCv)
  A hippogriff (D:10)
  A wraith (D:12)
  26 yaks
  A vampire (D:11)
  A wyvern (D:11)
  A basilisk (D:12)
  A hog (shapeshifter) (D:12)
  A human (D:9)
  7 vampire mosquitoes
  2 hungry ghosts
  3 hogs (D:9)
  7 soldier ants
  5 orc warriors
  3 black bears
  12 ice beasts
  4 phantoms
  2 eyes of draining
  4 sky beasts
  A necrophage (D:10)
  9 ogres
  11 centaurs
  15 wolves
  3 big kobolds
  8 bullfrogs
  2 gnoll sergeants
  A wyvern zombie (D:6)
  3 scorpions
  A wyvern skeleton (D:10)
  19 killer bees
  8 wights
  4 howler monkeys
  2 electric eels (D:10)
  8 crimson imps
  2 centaur zombies
  2 bullfrog zombies
  15 hounds
  8 orc priests
  3 jellies
  A bullfrog skeleton (D:7)
  5 iguanas
  15 orc wizards
  Jessica (D:2)
  42 worker ants
  A hound zombie (D:8)
  3 hound skeletons
  A worker ant zombie (D:10)
  14 gnolls
  22 adders
  4 shadow imps
  2 adder skeletons
  A worm (D:1)
  2 dart slugs
  10 leopard geckos
  76 orcs
  9 bats
  4 giant cockroaches
  2 gnoll zombies (D:2)
  4 goblins
  8 hobgoblins
  14 jackals
  21 kobolds
  9 quokkas
  3 ball pythons
  2 frilled lizards
  2 leopard gecko skeletons
  A quokka skeleton (D:9)
  A quokka zombie (D:4)
  9 rats
542 creatures vanquished.

Vanquished Creatures (others)
  A fire vortex (D:9)
  3 withered plants (D:9)
4 creatures vanquished.

Grand Total: 546 creatures vanquished

Notes
Turn   | Place    | Note
-------+----------+-------------------------------------------
     0 | D:1      | nago the Ghoul Earth Elementalist began the quest for the Orb.
     0 | D:1      | Reached XP level 1. HP: 14/14 MP: 2/2
   448 | D:1      | Reached skill level 2 in Spellcasting
   448 | D:1      | Reached XP level 2. HP: 19/20 MP: 4/4
   487 | D:1      | Learned a level 2 spell: Passwall
   830 | D:1      | Reached skill level 4 in Earth Magic
  1237 | D:2      | Reached XP level 3. HP: 26/26 MP: 5/5
  1242 | D:2      | Learned a level 3 spell: Stone Arrow
  1906 | D:2      | Reached XP level 4. HP: 25/33 MP: 0/6
  2240 | D:2      | Found a basalt altar of Yredelemnul.
  2347 | D:2      | Noticed Jessica
  2357 | D:2      | Killed Jessica
  2357 | D:2      | Reached skill level 5 in Earth Magic
  2578 | D:2      | Reached skill level 1 in Conjurations
  2593 | D:3      | Reached XP level 5. HP: 31/38 MP: 3/7
  2671 | D:3      | Found a stormy altar of Qazlal.
  2675 | D:3      | Noticed a fire elemental
  2675 | D:3      | Noticed an air elemental
  2675 | D:3      | Noticed a water elemental
  2697 | D:3      | Found a radiant altar of Vehumet.
  2895 | D:3      | Reached skill level 2 in Conjurations
  2895 | D:3      | Reached XP level 6. HP: 14/45 MP: 4/8
  3359 | D:3      | Reached skill level 6 in Earth Magic
  3417 | D:3      | Found a shadowy altar of Dithmenos.
  3599 | D:3      | Found a shattered altar of Ashenzari.
  3870 | D:4      | Noticed a phantom
  3975 | D:4      | Killed a phantom
  3975 | D:4      | Reached skill level 1 in Fighting
  3975 | D:4      | Reached skill level 3 in Conjurations
  3975 | D:4      | Reached XP level 7. HP: 45/53 MP: 0/9
  4162 | D:4      | Reached skill level 2 in Fighting
  4421 | D:4      | Found a staircase to the Ecumenical Temple.
  4623 | D:5      | Entered Level 5 of the Dungeon
  4636 | D:5      | Found a sacrificial altar of Ru.
  4707 | D:5      | Reached skill level 3 in Fighting
  4707 | D:5      | Reached skill level 7 in Earth Magic
  4859 | D:5      | Reached XP level 8. HP: 53/63 MP: 10/10
  4891 | D:5      | Found a shimmering altar of Xom.
  5188 | D:6      | Learned a level 5 spell: Lee's Rapid Deconstruction
  5238 | D:6      | Reached skill level 4 in Conjurations
  5376 | D:6      | Reached skill level 4 in Fighting
  5826 | D:6      | Reached skill level 3 in Spellcasting
  5949 | D:6      | Reached skill level 8 in Earth Magic
  6583 | D:6      | Reached skill level 5 in Fighting
  6709 | D:6      | Reached XP level 9. HP: 32/74 MP: 0/13
  6819 | D:6      | Reached skill level 4 in Spellcasting
  6828 | D:6      | Learned a level 3 spell: Ozocubu's Armour
  6912 | D:6      | Reached skill level 6 in Fighting
  6992 | D:7      | Found a glowing silver altar of Zin.
  7033 | D:7      | Reached skill level 1 in Ice Magic
  7033 | D:7      | Reached skill level 9 in Earth Magic
  7376 | D:6      | Reached skill level 2 in Ice Magic
  7803 | D:7      | Learned a level 2 spell: Blink
  7825 | D:7      | Reached skill level 3 in Ice Magic
  7825 | D:7      | Reached skill level 5 in Spellcasting
  7972 | D:7      | Found a blossoming altar of Fedhas.
  8178 | D:7      | Found Naowo's Book Boutique.
  8202 | D:8      | Reached skill level 4 in Ice Magic
  8472 | D:8      | Reached XP level 10. HP: 72/83 MP: 9/17
  8523 | D:8      | Reached skill level 10 in Earth Magic
  8681 | D:8      | HP: 18/83 [orc warrior/mace (13)]
  8682 | D:8      | Reached skill level 5 in Ice Magic
  8688 | D:8      | HP: 19/83 [orc (2)]
  9081 | D:8      | Reached skill level 6 in Spellcasting
  9302 | D:8      | Found a deep blue altar of Sif Muna.
  9426 | D:8      | Reached skill level 1 in Charms
  9646 | D:9      | Found a staircase to the Orcish Mines.
  9658 | D:9      | Found a hazy altar of Hepliaklqana.
  9697 | D:9      | Reached skill level 6 in Ice Magic
  9791 | D:9      | Noticed a two-headed ogre
  9858 | D:9      | Reached skill level 1 in Transmutations
  9866 | D:9      | Reached skill level 2 in Charms
  9875 | D:9      | HP: 20/82 [gnoll/spear (5)]
 10160 | D:9      | Reached skill level 2 in Transmutations
 10204 | D:9      | HP: 8/83 [yak (13)]
 10206 | D:9      | Reached skill level 3 in Charms
 10370 | D:9      | Reached skill level 1 in Translocations
 10370 | D:9      | Reached skill level 3 in Transmutations
 10560 | D:9      | Reached skill level 2 in Translocations
 10565 | D:9      | Learned a level 3 spell: Conjure Flame
 10905 | D:9      | Noticed dengdeng's ghost (novice MiFi)
 11166 | D:9      | Noticed a two-headed ogre
 11174 | D:9      | Killed a two-headed ogre
 11174 | D:9      | Reached skill level 3 in Translocations
 11174 | D:9      | Reached skill level 4 in Transmutations
 11549 | D:8      | Reached XP level 11. HP: 40/89 MP: 11/19
 11623 | D:10     | Entered Level 10 of the Dungeon
 11790 | D:10     | Reached skill level 4 in Translocations
 11811 | D:10     | Reached skill level 5 in Transmutations
 12247 | D:10     | Found a staircase to the Lair.
 12665 | D:10     | Found a glowing silver altar of Zin.
 13239 | D:9      | Reached skill level 7 in Fighting
 13555 | D:9      | HP: 22/92 [yak (14)]
 13614 | D:9      | HP: 19/92 [centaur (6)]
 13752 | D:9      | Reached skill level 7 in Spellcasting
 14108 | D:9      | Found an ancient bone altar of Kikubaaqudgha.
 14534 | D:9      | Killed a two-headed ogre
 14534 | D:9      | Reached skill level 1 in Fire Magic
 14782 | D:10     | Reached skill level 8 in Fighting
 15070 | D:10     | HP: 18/94 [wyvern skeleton (7)]
 15091 | D:10     | HP: 13/94 [centaur warrior skeleton (5)]
 15095 | D:10     | HP: 4/94 [orc warrior/halberd (4)]
 15435 | D:10     | Learned a level 4 spell: Petrify
 15499 | D:10     | Reached skill level 2 in Fire Magic
 16492 | D:10     | Reached skill level 3 in Fire Magic
 16580 | D:10     | Reached skill level 9 in Fighting
 16651 | D:10     | Noticed a queen ant
 16730 | D:9      | Reached skill level 1 in Axes
 17056 | D:10     | Killed a queen ant
 17056 | D:10     | Reached skill level 2 in Axes
 17056 | D:10     | Reached XP level 12. HP: 81/105 MP: 9/21
 17668 | D:10     | Reached skill level 3 in Axes
 17838 | D:10     | HP: 23/106 [something (7)]
 18207 | D:10     | Reached skill level 10 in Fighting
 18413 | Lair:1   | Entered Level 1 of the Lair of Beasts
 19042 | D:10     | Noticed a six-headed hydra
 19057 | D:10     | Killed a six-headed hydra
 19057 | D:10     | Reached skill level 4 in Axes
 19234 | D:11     | Noticed a two-headed ogre
 19250 | D:11     | Killed a two-headed ogre
 19615 | D:11     | Reached skill level 5 in Conjurations
 19717 | D:11     | Reached skill level 5 in Axes
 20150 | D:12     | Noticed a seven-headed hydra
 20166 | D:12     | Killed a seven-headed hydra
 20166 | D:12     | Reached skill level 1 in Evocations
 20415 | D:12     | Noticed Nessos
 20415 | D:12     | Noticed Nessos
 20415 | D:12     | Nessos changed into Nessos the glowing orange brain
 20435 | D:12     | Killed Nessos the glowing orange brain
 20435 | D:12     | Reached skill level 2 in Evocations
 20716 | D:12     | HP: 26/106 [vampire mosquito (3)]
 21111 | D:12     | Reached skill level 6 in Axes
 21111 | D:12     | Reached skill level 3 in Evocations
 21756 | D:12     | Noticed a two-headed ogre
 21756 | D:12     | Noticed a centaur warrior
 21775 | D:12     | a centaur warrior changed into a mana viper
 21783 | D:12     | Reached skill level 4 in Evocations
 21785 | D:12     | Killed a two-headed ogre
 21908 | D:12     | Reached skill level 7 in Axes
 22076 | D:12     | HP: 21/106 [something (10)]
 22596 | D:12     | Reached XP level 13. HP: 92/113 MP: 1/22
 22831 | D:12     | HP: 18/113 [something (12)]
 22833 | D:11     | HP: 7/113 [something (11)]
 23416 | D:12     | Reached skill level 5 in Evocations
 24744 | D:13     | Found a frozen archway.
 24791 | D:13     | Found a snail-covered altar of Cheibriados.
 24844 | IceCv    | Entered an ice cave
 25013 | IceCv    | Reached skill level 8 in Axes
 25193 | IceCv    | Reached skill level 6 in Evocations
 26670 | IceCv    | Reached skill level 9 in Axes
 26676 | IceCv    | HP: 20/113 [rime drake/flash freeze (17)]
 26711 | IceCv    | HP: 28/113 [polar bear (3)]
 26892 | IceCv    | Reached skill level 8 in Spellcasting
 27615 | IceCv    | Noticed a frost giant
 27793 | IceCv    | HP: 17/113 [frost giant/bolt of cold (24)]
 27794 | IceCv    | Slain by a frost giant

Skill      XL: |  1  2  3  4  5  6  7  8  9 10 11 12 13 |
---------------+----------------------------------------+-----
Spellcasting   | 2 3 5 6 7 8 |  8.2
Earth Magic    | 4 5 6 7 8 9 10 | 10.0
Conjurations   | 1 2 3 4 5 |  5.0
Fighting       | 1 3 5 6 9 10 | 10.0
Ice Magic      | 4 6 |  6.0
Charms         | 3 |  3.1
Transmutations | 4 5 |  5.0
Translocations | 3 4 |  4.0
Fire Magic     | 3 |  3.0
Axes           | 2 7 9 |  9.4
Evocations     | 4 6 |  6.1
Dodging        | |  1.7
Stealth        | |  2.1

Action                   |  1- 3 |  4- 6 |  7- 9 | 10-12 | 13-15 || total
-------------------------+-------+-------+-------+-------+-------++-------
Melee: Unarmed           |   103 |    65 |       |       |       ||   168
       Short sword       |       |    95 |   298 |   803 |       ||  1196
       Mace              |       |       |    39 |    25 |       ||    64
       Battleaxe         |       |       |       |    99 |   332 ||   431
Throw: Stone             |    10 |    26 |    61 |   227 |    93 ||   417
 Cast: Sandblast         |    19 |    32 |    20 |     6 |       ||    77
       Stone Arrow       |       |     5 |    58 |   230 |    57 ||   350
       Lee's Rapid Decon |       |       |     1 |    28 |     6 ||    35
       Ozocubu's Armour  |       |       |     1 |     6 |     7 ||    14
       Conjure Flame     |       |       |       |    17 |    26 ||    43
       Petrify           |       |       |       |    31 |     1 ||    32
       Blink             |       |       |       |     2 |     1 ||     3
Evoke: Wand              |       |       |     1 |    16 |     3 ||    20
  Use: Scroll            |     2 |     3 |    11 |    10 |     4 ||    30
       Potion            |       |       |       |     2 |     3 ||     5
 Stab: Sleeping          |     6 |       |     2 |     4 |       ||    12
       Paralysed         |       |       |     1 |       |       ||     1
       Petrified         |       |       |       |    93 |     2 ||    95
       Petrifying        |       |       |       |     1 |       ||     1
  Eat: Chunk             |     9 |    26 |    77 |   167 |    52 ||   331
Armor: Robe              |    18 |    36 |    98 |   116 |   116 ||   384
       Leather armour    |       |       |       |   140 |       ||   140
Dodge: Dodged            |    67 |   128 |   254 |   625 |   284 ||  1358
Block: Other             |       |       |       |    96 |    58 ||   154
       Reflection        |       |       |       |     1 |       ||     1

Vault maps used:
D:1:      lemuel_arrival_room
D:2:      lemuel_zombie_altar_yredelemnul, uniq_jessica
D:3:      lemuel_round_altar, nicolae_qazlal_style_of_elements,
          fiery_altar_vehumet, grunt_dithmenos_smoke
D:4:      minmay_temple_entry_nine_rooms
D:5:      nicolae_overflow_hidden_temple, nicolae_ru_great_annihilating_truth,
          first_bread
D:6:      kennysheep_generic_room_2
D:7:      lemuel_round_altar, fedhas_altar_fruit_tree, serial_shops,
          kennysheep_little_box
D:8:      led_sif_pool, serial_glass, glass_columns_a, glass_columns_c,
          due_unseen_surprise, feat_on_display
D:9:      kennysheep_mini, kiku_gazebo_garden_becter, orc_0_dummy,
          grunt_livestock
D:10:     erik_lair_island, basic_altar, zaba_antful_of_joy
D:12:     minmay_blocking_statues, uniq_nessos
D:13:     basic_altar, portal_ice_cave_entry_ice_beasts
Lair:1:   nicolae_lair_grove_arrangements, roderic_batcave, grunt_megastairs_2,
          infiniplex_staircase_pool_2, uniq_gastronok
IceCv:    ice_cave_caverns_01

Table legend:
 A = Turns spent in this place as a percentage of turns spent in the entire game.
 B = Non-inter-level travel turns spent in this place as a percentage of non-inter-level travel turns spent in the entire game.
 C = Inter-level travel turns spent in this place as a percentage of turns spent in this place.
 D = Turns resting spent in this place as a percentage of non-inter-level travel turns spent in this place.
 E = Turns spent auto-exploring this place as a percentage of non-inter-level travel turns spent in this place.
 F = Non-inter-level travel turns spent in this place divided by the number of levels of this place that you've seen.
                   A       B       C       D       E      F
               +-------+-------+-------+-------+-------+----------------------
         Total | 100.0 | 100.0 |   0.5 |   4.0 |   4.6 | 675.4
       Dungeon |  88.6 |  88.6 |   0.6 |   3.7 |   4.8 | 690.4
          Lair |   0.1 |   0.1 |   7.7 |   0.0 |   0.0 |  12.0
      Ice Cave |  11.2 |  11.3 |   0.0 |   7.1 |   2.8 | 1144.0
               +-------+-------+-------+-------+-------+----------------------

Table legend:
 A = Kills in this place as a percentage of kills in entire the game.
 B = Kills by you in this place as a percentage of kills by you in the entire game.
 C = Kills by friends in this place as a percentage of kills by friends in the entire game.
 D = Other kills in this place as a percentage of other kills in the entire game.
 E = Experience gained in this place as a percentage of experience gained in the entire game.
 F = Experience gained in this place divided by the number of levels of this place that you have seen.
                   A       B       C       D       E      F
               +-------+-------+-------+-------+-------+----------------------
         Total | 100.0 | 100.0 |  -nan | 100.0 | 100.0 | 3212.5
       Dungeon |  90.6 |  90.5 |  -nan | 100.0 |  75.0 | 2778.3
      Ice Cave |   9.4 |   9.5 |  -nan |   0.0 |  25.0 | 12070.0
               +-------+-------+-------+-------+-------+----------------------
